 Dungeon Crawl Stone Soup version 0.24.0-10-g970556be89 (webtiles) character file.

Game seed: 16004813088004224093, levelgen mode: deterministic

111033 Iskender the Devastator (level 16, -6/102 HPs)
             Began as an Octopode Chaos Knight on Nov 2, 2019.
             Was a Plaything of Xom.
             Mangled by a redback (7 damage)
             ... on level 1 of the Spider Nest on Nov 4, 2019.
             The game lasted 05:15:09 (33066 turns).

Iskender the Devastator (Octopode Chaos Knight)    Turns: 33066, Time: 05:15:11

Health: -6/102     AC:  3    Str: 14    XL:     16   Next: 56%
Magic:  1/52       EV: 17    Int: 33    God:    Xom [.*....]
Gold:   2803       SH:  0    Dex: 22    Spells: 3/32 levels left

rFire    + . .     SeeInvis .   b - staff of conjuration
rCold    + + .     Gourm    .   Y - +1 buckler of Votsij {*Contam rN+ MP+9 Int+5}
rNeg     + . .     Faith    .   m - +2 hat
rPois    +         Spirit   .   Z - +3 amulet of reflection
rElec    +         Reflect  +   c - ring of protection from cold
rCorr    .         Harm     .   e - ring of protection from magic
MR       +++..                  M - +4 ring of evasion
Stlth    ++++++....             O - ring of magical power
HPRegen  0.27/turn              f - ring of protection from fire
MPRegen  0.33/turn              A - +3 ring of dexterity
                                y - ring "Cewocuaj" {rF- Str+4 Int+4 Dex+5}
                                v - ring "Sigasu" {+Blink rPois Int+4 Dex+2}

@: very slightly contaminated, held
A: almost no armour, stealthy swim, amphibious, 8 rings, constrict 8, tentacle
spike 3, camouflage 1, blurry vision 1, cold resistance 1, fire resistance 1,
high mp 2, magic resistance 1, robust 1, screaming 1, electricity resistance,
weak 1, gelatinous body 1
a: Renounce Religion, Evoke Blink


You were on level 1 of the Spider Nest.
You worshipped Xom.
You were a plaything of Xom.
You were not hungry.

You visited 5 branches of the dungeon, and saw 25 of its levels.
You also visited: Trove, Bailey and Ice Cave.

You collected 3418 gold pieces.
You spent 615 gold pieces at shops.

Inventory:

Hand Weapons
 a - the +8 flail of Bavufeul {crush, Dex+8 Stlth-}
   (You found it on level 2 of the Lair of Beasts)

   It inflicts extra damage upon your enemies.
   It affects your dexterity (+8).
   It makes you less stealthy.
Missiles
 S - 11 curare-tipped darts (quivered)
Armour
 m - a +2 hat (worn)
 Y - the +1 buckler of Votsij (worn) {*Contam rN+ MP+9 Int+5}
   (Xom gifted it to you on level 5 of the Dungeon)

   It affects your intelligence (+5).
   It protects you from negative energy.
   It affects your magic capacity (+9).
   It causes magical contamination when unequipped.
Magical Staves
 b - an uncursed staff of conjuration (weapon)
 B - an uncursed staff of earth
 F - an uncursed staff of fire
Jewellery
 c - a ring of protection from cold (left tentacle)
 e - a ring of protection from magic (right tentacle)
 f - a ring of protection from fire (on tentacle)
 v - the ring "Sigasu" (on tentacle) {+Blink rPois Int+4 Dex+2}
   (You bought it in a shop on level 2 of the Orcish Mines)

   [ring of poison resistance]

   It affects your intelligence (+4).
   It affects your dexterity (+2).
   It protects you from poison.
   It lets you blink.
 w - an uncursed ring of wizardry
 y - the ring "Cewocuaj" (on tentacle) {rF- Str+4 Int+4 Dex+5}
   (Xom gifted it to you on level 2 of the Lair of Beasts)

   [ring of strength]

   It affects your strength (+4).
   It affects your intelligence (+4).
   It affects your dexterity (+5).
   It makes you vulnerable to fire.
 A - a +3 ring of dexterity (on tentacle)
 C - an uncursed ring of ice
 M - a +4 ring of evasion (on tentacle)
 O - a ring of magical power (on tentacle)
 Z - a +3 amulet of reflection (around mantle)
Wands
 i - a wand of enslavement (4)
 x - a wand of digging (11)
 N - a wand of acid (5)
 U - a wand of disintegration (13)
Scrolls
 l - 5 scrolls of fear
 n - 4 scrolls of identify
 o - 3 scrolls of magic mapping
 p - a scroll of torment
 q - 6 scrolls of teleportation
 s - 7 scrolls of remove curse
 t - 2 scrolls of fog
 E - 2 scrolls of blinking
 I - 2 scrolls of vulnerability
 L - 4 scrolls of summoning
 W - 3 scrolls of silence
Potions
 d - 9 potions of curing
 h - 2 potions of magic
 r - 3 potions of agility
 z - 7 potions of flight
 D - 5 potions of brilliance
 G - 2 potions of haste
 H - 15 potions of might
 K - a potion of cancellation
 P - a potion of ambrosia
 Q - 4 potions of heal wounds
 T - a potion of invisibility
 X - a potion of resistance
Miscellaneous
 V - a lightning rod (4/4)
Comestibles
 u - 40 rations


   Skills:
 - Level 3.0 Fighting
   Level 4.6 Polearms
 - Level 11.5 Dodging
 - Level 10.3 Stealth
 - Level 4.2 Shields
 - Level 8.5 Spellcasting
 + Level 17.7 Conjurations
 - Level 10.8 Fire Magic
 - Level 6.0 Ice Magic
 - Level 8.0 Earth Magic


You had 3 spell levels left.
You knew the following spells:

 Your Spells              Type           Power        Failure   Level  Hunger
b - Stone Arrow           Conj/Erth      ######       1%          3    None
d - Conjure Flame         Conj/Fire      ########     1%          3    None
e - Fireball              Conj/Fire      ########..   1%          5    ###....
g - Throw Flame           Conj/Fire      ######       0%          2    None
q - Lee's Rapid Deconstr  Erth           ######....   3%          5    ###....
v - Blink                 Tloc           N/A          4%          2    None
A - Apportation           Tloc           ##....       3%          1    None
B - Bolt of Cold          Conj/Ice       #######...   3%          6    #####..
W - Passwall              Tmut/Erth      #####...     1%          2    None

Your spell library contained the following spells:

 Spells                   Type           Power        Failure   Level  Hunger
 Flame Tongue             Conj/Fire      #####        0%          1    None
 Magic Dart               Conj           ####         0%          1    None
 Sandblast                Erth           ######       1%          1    None
 Shock                    Conj/Air       ####         1%          1    None
 Sting                    Conj/Pois      ####         1%          1    None
 Inner Flame              Hex/Fire       #####...     1%          3    None
 Mephitic Cloud           Conj/Pois/Air  ######..     1%          3    None
 Static Discharge         Conj/Air       #######.     1%          3    None
 Animate Skeleton         Necr           N/A          3%          1    None
 Beastly Appendage        Tmut           ##....       3%          1    None
 Confusing Touch          Hex            ##....       3%          1    None
 Summon Butterflies       Summ           ##......     3%          1    None
 Summon Small Mammal      Summ           ##..         3%          1    None
 Call Imp                 Summ           ##......     4%          2    None
 Poisonous Vapours        Pois/Air       ##....       4%          2    None
 Slow                     Hex            ##......     4%          2    None
 Sticks to Snakes         Tmut           ##......     4%          2    None
 Swiftness                Chrm/Air       ##......     4%          2    None
 Call Canine Familiar     Summ           ##......     10%         3    None
 Gell's Gravitas          Tloc           ##........   10%         3    None
 Portal Projectile        Hex/Tloc       ##....       10%         3    None
 Spider Form              Tmut/Pois      ##........   10%         3    None
 Force Lance              Conj/Tloc      #######.     1%          4    None
 Sticky Flame             Conj/Fire      ########     1%          4    None
 Lightning Bolt           Conj/Air       #######...   2%          5    ###....
 Venom Bolt               Conj/Pois      #######...   2%          5    ###....
 Petrify                  Tmut/Erth      #####...     6%          4    None
 Ice Form                 Ice/Tmut       ####....     10%         4    None
 Summon Ice Beast         Ice/Summ       ####....     10%         4    None
 Freezing Cloud           Conj/Ice/Air   #######...   21%         6    #####..
 Metabolic Englaciation   Hex/Ice        ####......   26%         5    ###....
 Airstrike                Air            ##........   32%         4    None
 Olgreb's Toxic Radiance  Pois           ##......     32%         4    None
 Ozocubu's Refrigeration  Ice            ######....   41%         6    #####..
 Blade Hands              Tmut           ##........   67%         5    ###....
 Summon Mana Viper        Hex/Summ       ##......     67%         5    ###....
 Simulacrum               Ice/Necr       ####......   83%         6    #####..
 Ignition                 Fire           ######....   95%         8    #######
 Dispersal                Tloc           ##........   99%         6    #####..
 Summon Hydra             Summ           ##........   100%        7    ######.
 Controlled Blink         Tloc           N/A          100%        8    #######
 Disjunction              Tloc           ##........   100%        8    #######
 Shatter                  Erth           ######....   100%        9    #######
 Tornado                  Air            ##........   100%        9    #######


Dungeon Overview and Level Annotations

Branches:
Dungeon (15/15)            Temple (1/1) D:7            Lair (6/6) D:10
 Shoals (0/4) Lair:2       Spider (1/4) Lair:2        Slime (0/5) Lair:5
    Orc (2/2) D:10            Elf (0/3) Orc:2        Vaults (0/5) D:14
 Depths (0/5) D:15         Bailey (visited)           IceCv (visited)

Altars:
Ashenzari
Cheibriados
Dithmenos
Elyvilon
Fedhas
Gozag
Hepliaklqana
Kikubaaqudgha
Makhleb
Nemelex Xobeh
Okawaru
Qazlal
Ru
Sif Muna
Trog
Uskayaw
Vehumet
Wu Jian
Xom
Yredelemnul
Zin
The Shining One
Beogh

Shops:
D:5 *   D:12 ?   Orc:2 *=([


Innate Abilities, Weirdness & Mutations

You cannot wear most types of armour.
You are very stealthy in the water. (Stealth+)
You are amphibious.
You can wear up to eight rings at the same time.
You can use your tentacles to constrict eight enemies at once.
Your skin changes colour to match your surroundings (Stealth+).
Your rubbery body absorbs attacks. (AC +1, EV +1)
One of your tentacles bears a large vicious spike.
Scrolls take you a little longer to read.
Your flesh is cold resistant. (rC+)
Your flesh is heat resistant. (rF+)
You have a considerably increased reservoir of magic. (+20% MP)
You are resistant to hostile enchantments. (MR+)
You are robust. (+10% HP)
You occasionally shout uncontrollably at your foes.
You are resistant to electric shocks. (rElec)
You are weak. (Str -2)


Message History

* * * LOW HITPOINT WARNING * * *
A shower of butterflies erupts from you!
You are caught in a web!
The jumping spider bites you!
* * * LOW HITPOINT WARNING * * *
Xom roars with laughter!
The jumping spider is engulfed in blazing flames.
You kill the jumping spider!
The moth of wrath is engulfed in blazing flames.
The moth of wrath goads the redback on!
The redback goes berserk!
You hear an angry hiss.
Casting: Blink (safe; 4% risk of failure)
Confirm with . or Enter, or press ? or * to list all spells.
Okay, then.
Really read with blurry vision while enemies are nearby?
The redback misses you.
The moth of wrath is engulfed in blazing flames.
The moth of wrath closely misses you. The redback bites you!
You die...
Xom roars with laughter!

##....y### ...
.°#..#sss#.....
...
≈#.#.§s.s...###
..
.###s..†[......
. ..
#.#..###.>. ..
#....## .#
#./.†.s##.
...#sbbb#
...##..@##
^...≈##§ys#
#.b.b# ##§.##
##.# ###


You could see a demonic crawler, a moth of wrath, an orb spider and 2 redbacks.

Vanquished Creatures
  A ghost moth (Lair:3)
  An orc warlord (Orc:1)
  A white draconian (IceCv)
  Snorg (D:12)
  Josephine (D:11)
  A fire dragon (Lair:6)
  An ettin (Orc:1)
  Erolcha (Orc:1)
  A vault guard (D:14)
  Harold (D:8)
  A rakshasa (D:14)
  7 hydras
  2 ice dragons (D:15)
  A centaur warrior (D:15)
  2 two-headed ogres
  Erica (D:8)
  An ogre mage (D:14)
  17 death yaks
  A queen ant (Lair:4)
  2 orc high priests (Orc:2)
  A fire crab (Orc:2)
  2 unseen horrors
  2 wizards (D:14)
  A swamp dragon (Lair:6)
  Pikel (D:8)
  An orb spider (Spider:1)
  2 orc sorcerers (Orc:2)
  9 orc knights
  3 deep elf magi (D:14)
  A wolf spider (Lair:2)
  8 ugly things
  3 oklob plants (Lair:1)
  2 cyclopes
  A moth of wrath (Lair:2)
  3 black mambas
  2 centaur zombies
  A naga mage (D:14)
  2 ice statues (IceCv)
  Psyche (D:9)
  2 gargoyles
  A centaur skeleton (D:15)
  7 spiny frogs
  A tengu conjurer (D:14)
  An efreet (D:15)
  6 komodo dragons
  A kobold demonologist (D:14)
  5 rime drakes (Lair:6)
  13 trolls
  3 meliai (D:15)
  2 jumping spiders (Spider:1)
  6 slime creatures
  A hornet (Spider:1)
  4 blink frogs (Lair:6)
  15 polar bears (IceCv)
  A meliai zombie (D:14)
  15 hippogriffs
  A shadow (D:12)
  3 redbacks
  A vampire (D:12)
  3 tarantellas (Spider:1)
  A spriggan (D:9)
  2 wyverns
  A human (D:9)
  4 wraiths
  3 hogs (D:9)
  Eustachio (D:6)
  4 basilisks
  A golden eye (IceCv)
  34 yaks
  A human (shapeshifter) (D:15)
  9 vampire mosquitoes
  Grum (D:8)
  2 steam dragons
  2 hungry ghosts (D:12)
  A swamp worm (Bailey)
  2 insubstantial wisps (D:11)
  10 wargs
  A soldier ant (D:13)
  Edmund (D:6)
  4 acid dragons
  10 water moccasins
  9 porcupines
  4 swamp drakes
  4 black bears (D:10)
  14 ice beasts
  40 orc warriors
  10 sky beasts
  A necrophage (D:12)
  9 ogres
  18 wolves
  5 boggarts (D:14)
  22 centaurs
  13 crocodiles
  21 bullfrogs
  A gnoll sergeant (D:12)
  A wyvern skeleton (D:7)
  4 scorpions
  19 killer bees
  4 wights (D:11)
  An electric eel (Lair:1)
  5 howler monkeys
  6 crimson imps
  4 bullfrog zombies
  13 jellies
  16 orc priests
  Crazy Yiuf (D:2)
  10 hounds
  3 iguanas
  24 orc wizards
  An iron imp (D:9)
  11 worker ants
  Natasha (thrice) (D:4)
  A hound zombie (D:7)
  15 gnolls
  10 adders
  3 shadow imps
  2 oozes
  2 adder skeletons
  An adder zombie (D:8)
  2 worms
  4 dart slugs
  6 leopard geckos
  123 orcs
  5 bats
  9 giant cockroaches
  15 goblins
  9 hobgoblins
  13 jackals
  12 kobolds
  6 quokkas
  4 frilled lizards
  A jackal skeleton (D:4)
  A leopard gecko skeleton (D:7)
  A leopard gecko zombie (D:5)
  5 rats
  5 fungi
  2 plants
832 creatures vanquished.

Vanquished Creatures (collateral kills)
  An oklob plant (Lair:1)
  A hippogriff (Lair:1)
  5 yaks (Lair:4)
  An orc wizard (Orc:2)
  A fungus (Lair:4)
9 creatures vanquished.

Vanquished Creatures (others)
  Nessos (Lair:6)
  A centaur warrior (D:14)
  A manticore (D:12)
  A cyclops (D:13)
  A centaur (D:15)
  A crimson imp (D:8)
  An iguana (Lair:6)
  An orc (Orc:1)
  16 fungi
  10 plants
34 creatures vanquished.

Grand Total: 875 creatures vanquished

Notes
Turn   | Place    | Note
-------+----------+-------------------------------------------
     0 | D:1      | Iskender the Octopode Chaos Knight began the quest for the
                  | Orb.
     0 | D:1      | Reached XP level 1. HP: 16/16 MP: 1/1
    37 | D:1      | Reached skill level 1 in Stealth
    65 | D:1      | XOM: divination: detect items
    80 | D:1      | XOM: potion effect (curing)
   102 | D:1      | Reached XP level 2. HP: 21/21 MP: 2/2
   354 | D:1      | Reached XP level 3. HP: 8/26 MP: 3/3
   371 | D:1      | XOM: harmless Erth miscast
  1020 | D:1      | XOM: give mutations
  1020 | D:1      | Gained mutation: You are dopey. (Int -2) [Xom's mischief]
  1020 | D:1      | Gained mutation: You are weak. (Str -2) [Xom's mischief]
  1230 | D:2      | Found a runed translucent door.
  1314 | D:2      | Reached XP level 4. HP: 31/31 MP: 4/4
  1742 | D:3      | Reached XP level 5. HP: 34/36 MP: 5/5
  1747 | D:3      | Found an ornate altar of the Wu Jian Council.
  1819 | D:3      | Noticed an angel
  1820 | D:3      | Found a glowing silver altar of Zin.
  1820 | D:3      | Found a shimmering altar of Xom.
  2040 | D:3      | XOM: summons 2 hostile demons
  2287 | D:3      | XOM: fake destruction
  2452 | D:3      | XOM: noise
  2746 | D:3      | XOM: noise
  2957 | D:4      | Reached skill level 5 in Dodging
  3259 | D:4      | Reached XP level 6. HP: 30/42 MP: 6/6
  3542 | D:4      | Noticed Natasha
  3558 | D:4      | Found an iron altar of Okawaru.
  3562 | D:4      | Killed Natasha
  3897 | D:5      | XOM: stealth player
  3897 | D:5      | Entered Level 5 of the Dungeon
  4053 | D:5      | XOM: butterfly on damage
  4151 | D:5      | Found a shimmering altar of Xom.
  4151 | D:5      | Found a sacrificial altar of Ru.
  4151 | D:5      | XOM: 9-stop teleportation journey
  4310 | D:5      | Found Cocyfoa's Assorted Antiques.
  4324 | D:5      | Bought a scroll of identify for 56 gold pieces
  4347 | D:5      | Noticed an ice beast
  4543 | D:5      | XOM: noise
  4587 | D:5      | XOM: smoke on damage
  4589 | D:5      | Reached XP level 7. HP: 19/46 MP: 7/7
  4596 | D:5      | XOM: harmless Ice miscast
  4784 | D:5      | XOM: mild Necr miscast
  4806 | D:4      | Noticed Natasha
  4815 | D:4      | Killed Natasha
  4852 | D:4      | Noticed Natasha
  4857 | D:4      | Killed Natasha
  4985 | D:5      | XOM: noise
  4991 | D:5      | XOM: summons friendly shadow imp
  5093 | D:6      | Reached skill level 5 in Stealth
  5138 | D:6      | Noticed a white ugly thing
  5215 | D:6      | XOM: scenery: 1 doors open
  5332 | D:6      | Noticed Edmund
  5344 | D:6      | Killed Edmund
  5456 | D:6      | XOM: god gift: 18 stones
  5540 | D:6      | Found a glowing golden altar of the Shining One.
  5577 | D:6      | Found a blossoming altar of Fedhas.
  5602 | D:6      | Found a stormy altar of Qazlal.
  5651 | D:6      | XOM: summons 3 hostile demons
  5745 | D:6      | XOM: give mutations
  5745 | D:6      | Gained mutation: You are resistant to electric shocks.
                  | (rElec) [Xom's grace]
  5745 | D:6      | Gained mutation: You have supernaturally acute eyesight.
                  | (SInv) [Xom's grace]
  5777 | D:6      | Reached XP level 8. HP: 47/52 MP: 8/8
  5804 | D:6      | XOM is BORED!
  5915 | D:6      | Noticed Eustachio
  6059 | D:6      | XOM: medium Air miscast
  6303 | D:6      | Found an opulent altar of Gozag.
  6511 | D:6      | Killed Eustachio
  6591 | D:7      | Learned a level 1 spell: Sandblast
  6733 | D:7      | Reached skill level 1 in Earth Magic
  6735 | D:7      | Found a basalt altar of Yredelemnul.
  6735 | D:7      | XOM: 1-stop teleportation journey
  6846 | D:7      | Found a staircase to the Ecumenical Temple.
  6884 | D:7      | Found a shattered altar of Ashenzari.
  6947 | D:7      | HP: 2/78 [acid (15)]
  6959 | D:7      | Learned a level 3 spell: Stone Arrow
  6970 | D:7      | Learned a level 2 spell: Passwall
  7306 | D:7      | Found a burning altar of Makhleb.
  7379 | D:7      | Reached skill level 5 in Earth Magic
  7379 | D:7      | Reached XP level 9. HP: 56/56 MP: 4/9
  7442 | D:7      | XOM: harmless Erth miscast
  7453 | D:7      | XOM: butterfly on damage
  7470 | D:7      | Reached skill level 1 in Conjurations
  7479 | D:7      | XOM: divination: magic mapping
  7489 | D:7      | XOM: confuse monster(s)
  7512 | D:5      | XOM: god gift: slimy buckler {god gift}
  7513 | D:5      | Got a slimy buckler {god gift}
  7519 | D:5      | Identified the +1 buckler of Votsij {*Contam rN+ MP+9
                  | Int+5} (Xom gifted it to you on level 5 of the Dungeon)
  7600 | D:4      | XOM: enchant monster (good)
  7609 | D:4      | Reached skill level 2 in Conjurations
  7689 | D:2      | Noticed Crazy Yiuf
  7698 | D:2      | Killed Crazy Yiuf
  7814 | D:7      | XOM: scenery: 1 doors close
  7962 | D:7      | XOM: divination: detect items
  8002 | D:7      | Reached skill level 3 in Conjurations
  8073 | D:7      | Found a sparkling altar of Nemelex Xobeh.
  8210 | D:7      | XOM: god gift: gilded ring {god gift}
  8317 | D:7      | Reached skill level 1 in Shields
  8329 | D:7      | XOM: harmless Tloc miscast
  8355 | D:7      | XOM: god gift: 48 gold pieces
  8619 | D:8      | Noticed Grum
  8641 | D:7      | XOM: harmless Ice miscast
  8898 | Temple   | Entered the Ecumenical Temple
  9062 | D:8      | XOM: divination: magic mapping
  9141 | D:8      | Reached skill level 4 in Conjurations
  9161 | D:8      | Found a roughly hewn altar of Beogh.
  9344 | D:8      | XOM: harmless Hex miscast
  9347 | D:8      | Killed Grum
  9347 | D:8      | Reached skill level 5 in Conjurations
  9359 | D:8      | XOM: harmless Necr miscast
  9494 | D:8      | Reached skill level 6 in Conjurations
  9608 | D:8      | XOM: butterfly on damage
  9805 | D:8      | Reached XP level 10. HP: 63/63 MP: 6/10
  9836 | D:8      | Reached skill level 7 in Conjurations
  9902 | D:8      | Noticed Harold
  9923 | D:8      | XOM is BORED!
  9923 | D:8      | XOM: noise
  9974 | D:8      | Killed Harold
  9974 | D:8      | Reached skill level 8 in Conjurations
 10015 | D:8      | XOM: silly message
 10045 | D:8      | XOM: harmless Pois miscast
 10240 | D:8      | Noticed Pikel
 10254 | D:8      | Killed Pikel
 10254 | D:8      | Reached skill level 9 in Conjurations
 10254 | D:8      | XOM: confuse monster(s)
 10260 | D:8      | Noticed Erica
 10272 | D:8      | XOM: silly message
 10275 | D:8      | Killed Erica
 10392 | D:8      | XOM: cloud trail
 10757 | D:9      | Reached skill level 10 in Conjurations
 10911 | D:9      | XOM: harmless Chrm miscast
 10998 | D:9      | Found a snail-covered altar of Cheibriados.
 11010 | D:9      | Reached skill level 1 in Spellcasting
 11048 | D:9      | XOM: cloud trail
 11066 | D:9      | XOM: 2-stop teleportation journey
 11352 | D:9      | XOM: god gift: hand crossbow {god gift}
 11357 | D:9      | Noticed Psyche
 11368 | D:9      | XOM: cast spell 'Summon Mana Viper'
 11371 | D:9      | Killed Psyche
 11371 | D:9      | Reached XP level 11. HP: 67/67 MP: 6/15
 11474 | D:9      | Reached skill level 10 in Stealth
 11591 | D:9      | XOM: scenery: 2 doors close
 11659 | D:10     | Entered Level 10 of the Dungeon
 11809 | D:10     | Found a stormy altar of Qazlal.
 11909 | D:10     | Found a staircase to the Lair.
 11965 | D:10     | XOM: harmless Ice miscast
 12159 | D:10     | Found a staircase to the Orcish Mines.
 12357 | D:10     | XOM: medium Chrm miscast
 12523 | D:10     | XOM: god gift: 36 gold pieces
 12643 | D:11     | Noticed a cyclops
 12646 | D:11     | Killed a cyclops
 12699 | D:11     | XOM: cast spell 'Call Canine Familiar'
 12747 | D:10     | XOM: god gift: 51 gold pieces
 12797 | D:11     | Noticed Josephine
 12892 | D:11     | Reached skill level 5 in Spellcasting
 12930 | D:11     | Found a flagged portal.
 13056 | Bailey   | Entered a bailey
 13067 | Bailey   | Learned a level 5 spell: Lee's Rapid Deconstruction
 13187 | Bailey   | XOM: harmless Necr miscast
 13200 | Bailey   | XOM: confusion
 13203 | Bailey   | XOM: butterfly on damage
 13263 | Bailey   | Reached skill level 11 in Conjurations
 13263 | Bailey   | Reached XP level 12. HP: 65/72 MP: 19/19
 13356 | Bailey   | Reached skill level 12 in Conjurations
 13360 | Bailey   | XOM: cloud trail
 13497 | Bailey   | XOM: fog
 13783 | Bailey   | XOM: god gift: ration
 13788 | Bailey   | XOM: fog
 13794 | Bailey   | XOM: fog
 13817 | Bailey   | XOM: summons 4 friendly demons
 14004 | Bailey   | XOM: divination: detect items
 14315 | D:11     | XOM: enchant monster (good)
 14324 | D:11     | XOM: fog
 14331 | D:11     | XOM: cloud trail
 14383 | D:11     | XOM: summons 2 friendly demons
 14383 | D:11     | Noticed Sonja
 14390 | D:11     | Noticed Sonja
 14390 | D:11     | Sonja changed into Sonja the troll
 14393 | D:11     | XOM: enchant monster (good)
 14394 | D:11     | Killed Sonja the troll
 14395 | D:11     | Reached XP level 13. HP: 66/77 MP: 17/20
 14405 | D:11     | Reached skill level 10 in Dodging
 14546 | D:11     | XOM: scenery: create altars
 14685 | D:11     | XOM: smoke on damage
 14756 | D:11     | Killed Josephine
 14895 | D:11     | Found a portal to a secret trove of treasure.
 14900 | Trove    | Entered a treasure trove
 14951 | Trove    | Got a flickering emerald amulet
 15012 | D:11     | Identified the amulet "Vaablaer" {Inacc +Fly rC+ Int+3}
                  | (You found it in a treasure trove)
 15030 | D:11     | Learned a level 3 spell: Conjure Flame
 15033 | D:11     | Learned a level 2 spell: Throw Flame
 15116 | D:12     | Reached skill level 1 in Fire Magic
 15233 | D:12     | Noticed Snorg
 15302 | D:12     | XOM: harmless Summ miscast
 15440 | D:12     | XOM: potion effect (berserk rage)
 15639 | D:12     | XOM: draining
 15689 | D:12     | Found Fufolone's Magic Scroll Boutique.
 15735 | D:12     | Reached skill level 13 in Conjurations
 15942 | D:12     | XOM: enchant monster (bad)
 15963 | D:12     | XOM: summons 3 friendly demons
 15970 | D:12     | XOM: destruction
 16145 | D:12     | XOM: give mutations
 16145 | D:12     | Gained mutation: You are very weak. (Str -4) [Xom's
                  | mischief]
 16145 | D:12     | Gained mutation: You occasionally shout uncontrollably at
                  | your foes. [Xom's mischief]
 16145 | D:12     | Gained mutation: You are clumsy. (Dex -2) [Xom's mischief]
 16267 | D:12     | Killed Snorg
 16318 | D:12     | XOM: noise
 16485 | D:10     | XOM: give mutation
 16485 | D:10     | Lost mutation: You are dopey. (Int -2) [Xom's grace]
 16494 | Lair:1   | Entered Level 1 of the Lair of Beasts
 16508 | Lair:1   | XOM: cast spell 'Summon Hydra'
 16542 | Lair:1   | XOM: scenery: create altars
 16833 | Lair:1   | XOM: enchant monster (good)
 16965 | Lair:1   | XOM: harmless Air miscast
 17163 | Lair:1   | Reached skill level 14 in Conjurations
 17342 | Lair:1   | XOM: give mutations
 17342 | Lair:1   | Gained mutation: You are frail. (-10% HP) [Xom's mischief]
 17342 | Lair:1   | Gained mutation: Your body sometimes deteriorates upon
                  | taking damage. [Xom's mischief]
 17475 | Lair:1   | XOM: enchant monster (bad)
 17542 | Lair:1   | XOM: mild Necr miscast
 17662 | Lair:1   | XOM: confusion (+ monsters)
 17795 | Lair:1   | XOM: cast spell 'Summon Mana Viper'
 17803 | Lair:1   | XOM: summons 5 friendly demons
 18086 | Lair:2   | Found a frozen archway.
 18094 | Lair:2   | XOM: confuse monster(s)
 18104 | Lair:2   | XOM: polymorph ice beast -> swamp drake
 18297 | IceCv    | Entered an ice cave
 18299 | IceCv    | XOM: divination: detect creatures
 18309 | IceCv    | XOM: polymorph yak -> hippogriff
 18324 | IceCv    | XOM: potion effect (haste)
 18393 | IceCv    | XOM: summons 2 friendly demons
 18473 | IceCv    | XOM: enchant monster (bad)
 18683 | IceCv    | Reached XP level 14. HP: 73/74 MP: 18/21
 18858 | IceCv    | Reached skill level 15 in Conjurations
 19323 | IceCv    | XOM: scenery: create altars
 19405 | IceCv    | XOM: swap monsters
 19515 | IceCv    | Noticed a white draconian
 19539 | IceCv    | XOM: divination: detect items
 19542 | IceCv    | Killed a white draconian
 19551 | IceCv    | XOM: polymorph polar bear -> golden eye
 19785 | IceCv    | XOM: 5-stop teleportation journey
 19790 | IceCv    | XOM: noise
 19844 | Lair:2   | Found a staircase to the Shoals.
 19919 | Lair:2   | Found a hole to the Spider Nest.
 19986 | Lair:2   | XOM: destruction
 20186 | Lair:2   | Reached skill level 16 in Conjurations
 20238 | Lair:2   | XOM: god gift: clouded pewter ring {god gift}
 20239 | Lair:2   | Got a clouded pewter ring {god gift}
 20240 | Lair:2   | Identified the ring "Cewocuaj" {rF- Str+4 Int+4 Dex+5} (Xom
                  | gifted it to you on level 2 of the Lair of Beasts)
 20445 | Lair:2   | Got a brightly glowing flail
 20446 | Lair:2   | Identified the +8 flail of Bavufeul {crush, Dex+8 Stlth-}
                  | (You found it on level 2 of the Lair of Beasts)
 20535 | Lair:3   | XOM: stealth player
 20736 | Lair:3   | Noticed a ghost moth
 20736 | Lair:3   | a four-headed hydra changed into a ghost moth
 20736 | Lair:3   | XOM: polymorph four-headed hydra -> ghost moth
 20915 | Lair:3   | XOM: enchant monster (good)
 20916 | Lair:3   | XOM: fog
 20931 | Lair:3   | Killed a ghost moth
 21299 | Lair:3   | XOM: give mutations
 21299 | Lair:3   | Gained mutation: You are covered in fur. (AC +1) [Xom's
                  | grace]
 21299 | Lair:3   | Gained mutation: You have an increased reservoir of magic.
                  | (+10% MP) [Xom's grace]
 21299 | Lair:3   | Gained mutation: You have a considerably increased
                  | reservoir of magic. (+20% MP) [Xom's grace]
 21358 | Lair:3   | Learned a level 2 spell: Blink
 21516 | Lair:3   | XOM: summons 4 friendly demons
 21529 | Lair:3   | XOM: cleaving
 21535 | Lair:3   | XOM: god gift: potion of curing
 21540 | Lair:3   | XOM: god gift: 25 gold pieces
 21558 | Lair:3   | XOM: divination: detect items
 21574 | Lair:3   | XOM: summons 6 friendly demons
 21585 | Lair:3   | XOM: harmless Necr miscast
 21757 | Lair:3   | XOM: mild Air miscast
 21894 | Lair:3   | XOM: harmless Necr miscast
 21908 | Lair:3   | XOM: give mutation
 21908 | Lair:3   | Lost mutation: You are frail. (-10% HP) [Xom's mischief]
 21981 | Lair:3   | XOM: harmless Summ miscast
 22090 | Lair:3   | XOM: summons 3 hostile shadow creatures
 22185 | Lair:3   | XOM: confusion (+ monsters)
 22195 | Lair:3   | XOM: harmless Erth miscast
 22201 | Lair:3   | XOM: confuse monster(s)
 22203 | Lair:3   | XOM: enchant monster (bad)
 22208 | Lair:3   | XOM: summons friendly quasit
 22417 | Lair:4   | XOM: give mutation
 22417 | Lair:4   | Lost mutation: You are clumsy. (Dex -2) [Xom's grace]
 22481 | Lair:4   | XOM: cleaving
 22502 | Lair:4   | XOM: god gift: scale mail {god gift}
 22504 | Lair:4   | XOM: summons 2 friendly demons
 22525 | Lair:4   | XOM: summons 5 friendly demons
 22716 | Orc:1    | Entered Level 1 of the Orcish Mines
 22806 | Orc:1    | XOM: polymorph orc warrior -> jelly
 22823 | Orc:1    | Found a roughly hewn altar of Beogh.
 23033 | Orc:2    | Entered Level 2 of the Orcish Mines
 23038 | Orc:2    | XOM: polymorph orc knight -> fire crab
 23239 | Orc:1    | XOM: scenery: create altars
 23269 | Orc:1    | XOM: scenery: create altars
 23287 | Orc:1    | XOM: summons 2 friendly demons
 23530 | Orc:1    | XOM is BORED!
 23530 | Orc:1    | XOM: give mutation
 23530 | Orc:1    | Lost mutation: You have supernaturally acute eyesight.
                  | (SInv) [Xom's mischief]
 23530 | Orc:1    | Gained mutation: Scrolls take you a little longer to read.
                  | [Xom's mischief]
 23780 | Orc:2    | XOM: scenery: create altars
 23781 | Orc:2    | XOM: god gift: potion of mutation
 23815 | Orc:2    | Noticed an orc warlord
 23823 | Orc:2    | XOM: give mutations
 23823 | Orc:2    | Gained mutation: One of your tentacles bears a spike.
                  | [Xom's grace]
 23823 | Orc:2    | Lost mutation: You are very weak. (Str -4) [Xom's grace]
 23823 | Orc:2    | Gained mutation: One of your tentacles bears a nasty spike.
                  | [Xom's grace]
 23830 | Orc:1    | XOM: 7-stop teleportation journey
 23831 | Orc:1    | Noticed Erolcha
 23868 | Orc:1    | XOM: divination: magic mapping
 23877 | Orc:1    | XOM: silly message
 23912 | Orc:1    | Killed an orc warlord
 24066 | Orc:2    | XOM: noise
 24086 | Orc:2    | Found a staircase to the Elven Halls.
 24091 | Orc:2    | Found Teomyrurgh's Antique Armour Shoppe.
 24224 | Orc:2    | XOM: cast spell 'Necromutation'
 24233 | Orc:2    | XOM: fake destruction
 24522 | Orc:2    | XOM: medium Hex miscast
 24591 | Orc:1    | XOM: cast spell 'Leda's Liquefaction'
 24769 | Orc:2    | Found Silen's Antique Weapon Shop.
 24784 | Orc:2    | Found Ysoezob's Jewellery Shoppe.
 24802 | Orc:2    | Reached XP level 15. HP: 81/88 MP: 21/33
 24802 | Orc:2    | XOM: potion effect (might)
 24815 | Orc:2    | XOM: potion effect (berserk rage)
 25269 | Orc:2    | Found Yfiasy's General Store.
 25403 | Orc:2    | Bought the ring "Sigasu" {+Blink rPois Int+4 Dex+2} for 559
                  | gold pieces
 25597 | Orc:2    | XOM: harmless Ice miscast
 25878 | Orc:1    | Killed Erolcha
 26068 | Orc:1    | Upgraded the game from 0.24.0-7-gb3623d2c88 to
                  | 0.24.0-10-g970556be89
 26076 | Orc:1    | Learned a level 5 spell: Fireball
 26522 | Lair:4   | XOM: cleaving
 26523 | Lair:4   | XOM: confuse monster(s)
 26540 | Lair:4   | XOM: polymorph death yak -> queen ant
 26541 | Lair:4   | Reached skill level 5 in Fire Magic
 26546 | Lair:4   | XOM: cast spell 'Call Canine Familiar'
 26548 | Lair:4   | XOM: mild Air miscast
 27207 | Lair:5   | Found a staircase to the Slime Pits.
 27500 | Lair:6   | Entered Level 6 of the Lair of Beasts
 27520 | Lair:6   | Noticed Nessos
 27711 | Lair:6   | XOM: divination: detect items
 27830 | Lair:6   | XOM: divination: magic mapping
 28059 | Lair:6   | XOM: confusion (+ monsters)
 28154 | Lair:6   | XOM: swap monsters
 28315 | Lair:6   | XOM: summons 7 hostile demons
 28472 | Lair:6   | XOM: harmless Tmut miscast
 28765 | Lair:6   | XOM: noise
 28767 | Lair:6   | Killed Nessos
 28926 | Lair:6   | XOM: cast spell 'Alistair's Intoxication'
 28972 | Lair:6   | XOM: summons 7 friendly demons
 29054 | Lair:6   | XOM is BORED!
 29054 | Lair:6   | XOM: give mutations
 29054 | Lair:6   | Lost mutation: You are covered in fur. (AC +1) [Xom's
                  | mischief]
 29054 | Lair:6   | Lost mutation: Your body sometimes deteriorates upon taking
                  | damage. [Xom's mischief]
 29094 | Lair:6   | Reached skill level 10 in Fire Magic
 29471 | D:9      | XOM: polymorph yak -> spriggan
 29923 | D:8      | XOM: divination: magic mapping
 30027 | D:12     | XOM: draining
 30044 | D:13     | Found a burning altar of Makhleb.
 30277 | D:13     | XOM: god gift: 2 potions of curing
 30328 | D:13     | Learned a level 1 spell: Apportation
 30374 | D:13     | XOM: scenery: create altars
 30527 | D:13     | Learned a level 6 spell: Bolt of Cold
 30755 | D:13     | XOM: god gift: 6 rations
 30871 | D:13     | XOM: divination: detect items
 30962 | D:14     | Reached skill level 1 in Ice Magic
 30962 | D:14     | Reached XP level 16. HP: 86/93 MP: 34/34
 31003 | D:14     | XOM: cloud trail
 31077 | D:14     | XOM: 1-stop teleportation journey
 31447 | D:14     | Reached skill level 5 in Ice Magic
 31453 | D:14     | XOM: enchant monster (bad)
 31508 | D:14     | XOM: mild Air miscast
 31815 | D:14     | Found the +12 glaive of Prune {chop}
 31982 | D:14     | Found a gate to the Vaults.
 32034 | D:14     | XOM: scenery: create altars
 32060 | D:15     | Entered Level 15 of the Dungeon
 32066 | D:15     | Reached skill level 17 in Conjurations
 32208 | D:15     | XOM: give mutation
 32208 | D:15     | Gained mutation: You are robust. (+10% HP) [Xom's grace]
 32299 | D:15     | XOM: mild Air miscast
 32571 | D:15     | XOM: god gift: 18 stones
 32604 | D:15     | XOM: give mutations
 32604 | D:15     | Gained mutation: One of your tentacles bears a large
                  | vicious spike. [Xom's grace]
 32604 | D:15     | Gained mutation: Your flesh is heat resistant. (rF+) [Xom's
                  | grace]
 32604 | D:15     | Gained mutation: You are resistant to hostile enchantments.
                  | (MR+) [Xom's grace]
 32604 | D:15     | Gained mutation: Your flesh is cold resistant. (rC+) [Xom's
                  | grace]
 32775 | D:15     | Found a staircase to the Depths.
 32812 | D:15     | XOM: divination: detect creatures
 32987 | Spider:1 | Entered Level 1 of the Spider Nest
 33034 | Spider:1 | XOM: enchant monster (good)
 33065 | Spider:1 | XOM: butterfly on damage
 33065 | Spider:1 | HP: 1/102 [jumping spider (11)]
 33066 | Spider:1 | Mangled by a redback

Levels and vault maps discovered:
D:1:      dpeg_arrival_subterranean_lakeside_camping, layout_basic,
          chequers_serial_rivers_micro_d, hangedman_abyss_or_decor_lesser_grid
D:2:      layout_rooms, minmay_misc_feat_secret_circle, uniq_crazy_yiuf_cottage
D:3:      minmay_razor_zed, layout_basic,
          grunt_temple_overflow_order_and_chaos_1,
          nicolae_overflow_crystal_walls
D:4:      layout_basic, kennysheep_okawaru_gauntlet, first_ration, uniq_natasha
D:5:      layout_loops_cross, basic_altar, serial_shops,
          nicolae_shop_statue_plus, nicolae_ru_awakened_eye
D:6:      layout_basic, grunt_temple_overflow_forces_of_nature,
          tso_oasis_becter, lemuel_coloured_pillars_altar, uniq_edmund,
          uniq_eustachio
D:7:      layout_basic, kennysheep_little_box, overflow_temple_1_default,
          lemuel_round_altar, minmay_temple_entry_from_below_a, serial_glass,
          glass_columns_a, glass_columns_b, glass_columns_a, glass_columns_b,
          makhleb_heckhound_becter
D:8:      layout_loops_ring, special_room [special_room_orc], kennysheep_dice,
          uniq_grum, uniq_erica, uniq_harold, uniq_pikel
D:9:      layout_gridville, slow_altar_1, grunt_livestock, uniq_psyche
D:10:     layout_stronghold, due_lair_maze_entry_diamond, david_orc_3,
          nicolae_qazlal_general_emergency
D:11:     layout_loops_ring, enter_trove_3, enter_bailey_8,
          hangedman_misty_isle, uniq_sonja, uniq_josephine
D:12:     layout_roguey, serial_shops, nicolae_shop_waterfront,
          minmay_misc_feat_diagonals, kennysheep_path_1, uniq_snorg
D:13:     layout_long_grid, basic_altar
D:14:     layout_long_grid, david_vaults_5, hangedman_decor_clover_reticule,
          minmay_guarded_unrand_prune
D:15:     grunt_enter_depths_hoard, layout_loops_cross, hangedman_decor_growths
Temple:   eino_temple_lava
Lair:1:   layout_hall_layers, st_stairs_5, infiniplex_staircase_pool_2,
          grunt_megastairs_2, serial_bayou_shore_a, minmay_lair_oklob_chamber
Lair:2:   layout_misc_corridors, minmay_shoals_entry_centaurs,
          dummy_spider_entry, portal_ice_cave_entry_ice_beasts,
          grunt_megastairs_4
Lair:3:   layout_layer_cave
Lair:4:   layout_cave_shapes, serial_bayou_shore_b
Lair:5:   layout_loops_ring, nicolae_slime_entry_slimehenge, lemuel_fruit_tree,
          grunt_megastairs_3
Lair:6:   guppyfry_lair_end_dragon, layout_concentric_octagons,
          minmay_lair_drake_nest, grunt_megastairs_1, uniq_nessos
Spider:1: layout_spider_delve, uniq_kirke
Orc:1:    layout_caves, lemuel_statue_altar, uniq_erolcha
Orc:2:    grunt_orc_gardens, layout_caves, grunt_orc_garden, grunt_orc_garden,
          grunt_orc_garden, grunt_orc_garden

Skill      XL: |  1  2  3  4  5  6  7  8  9 10 11 12 13 14 15 16 |
---------------+-------------------------------------------------+-----
Stealth        | 2 3 4 7 8 10 | 10.3
Dodging        | 3 5 6 7 9 10 11 | 11.5
Polearms       | 4 |  4.6
Earth Magic    | 5 8 |  8.0
Conjurations   | 6 10 11 12 14 16 17 | 17.7
Shields        | 4 |  4.2
Spellcasting   | 3 5 8 |  8.5
Fire Magic     | 4 10 | 10.8
Ice Magic      | 1 6 |  6.0
Fighting       | |  3.0

Action                   |  1- 3 |  4- 6 |  7- 9 | 10-12 | 13-15 | 16-18 || total
-------------------------+-------+-------+-------+-------+-------+-------++-------
Melee: Spear             |    82 |    85 |       |       |       |       ||   167
       Constrict         |    14 |    35 |    46 |    35 |    53 |    14 ||   197
       Tentacles         |     9 |    30 |    42 |    25 |    63 |    17 ||   186
       Short sword       |       |    62 |     4 |       |       |       ||    66
       Mace              |       |    42 |    41 |       |       |       ||    83
       Trident           |       |       |   235 |    63 |   399 |    22 ||   719
       Staff             |       |       |       |    80 |    86 |    28 ||   194
       Scimitar          |       |       |       |     1 |       |       ||     1
       Kick              |       |       |       |       |    39 |    24 ||    63
       Flail             |       |       |       |       |       |     1 ||     1
 Fire: Hunting sling     |       |     7 |     5 |       |       |       ||    12
Throw: Stone             |     5 |     2 |     1 |       |       |       ||     8
       Dart              |       |    20 |    37 |     8 |     5 |       ||    70
       Boomerang         |       |       |    23 |    26 |    11 |       ||    60
       Throwing net      |       |       |       |     2 |       |       ||     2
 Cast: Sandblast         |       |       |    20 |    44 |     1 |       ||    65
       Stone Arrow       |       |       |    47 |   135 |   471 |    22 ||   675
       Passwall          |       |       |     2 |       |       |     1 ||     3
       Lee's Rapid Decon |       |       |       |    15 |    71 |    11 ||    97
       Throw Flame       |       |       |       |       |   382 |    29 ||   411
       Conjure Flame     |       |       |       |       |    48 |     7 ||    55
       Blink             |       |       |       |       |    25 |     2 ||    27
       Fireball          |       |       |       |       |    44 |    23 ||    67
       Apportation       |       |       |       |       |     3 |     1 ||     4
       Bolt of Cold      |       |       |       |       |     1 |    25 ||    26
Evoke: Wand              |       |       |     2 |    30 |    12 |       ||    44
       Lamp of fire      |       |       |       |       |     1 |       ||     1
  Use: Scroll            |     4 |    10 |     4 |     6 |    20 |     1 ||    45
       Potion            |     1 |     4 |     3 |     4 |    12 |     5 ||    29
 Stab: Sleeping          |    14 |    16 |     3 |     5 |     1 |     2 ||    41
       Confused          |     1 |       |       |       |     2 |       ||     3
       Paralysed         |       |     1 |       |       |       |       ||     1
       Distracted        |       |       |     1 |     1 |     1 |       ||     3
       Petrified         |       |       |       |     4 |       |       ||     4
  Eat: Chunk             |     2 |    18 |    25 |    31 |    48 |    13 ||   137
       Ration            |       |       |       |       |     8 |     2 ||    10
Armor: Skin              |     5 |    12 |    31 |    12 |    36 |     1 ||    97
Dodge: Dodged            |    31 |   123 |   181 |   130 |   518 |    86 ||  1069
Block: Buckler           |       |       |    14 |    42 |   262 |    46 ||   364
       Reflection        |       |       |       |       |    16 |     5 ||    21
